 Dungeon Crawl Stone Soup version 0.30.1 (webtiles) character file.

Game seed: 490590729888641290

6 ChrisAssaf the Conjurer (level 1, 0/13 HPs)
             Began as a Demonspawn Conjurer on July 8, 2023.
             Slain by a kobold
             ... wielding a +0 whip
              (3 damage)
             ... on level 1 of the Dungeon.
             The game lasted 00:01:27 (561 turns).

ChrisAssaf the Conjurer (Demonspawn Conjurer)        Turns: 561, Time: 00:01:27

Health: 0/13       AC:  2    Str:  7    XL:     1   Next: 75%
Magic:  0/3        EV: 12    Int: 19    God:
Gold:   27         SH:  0    Dex: 11    Spells: 3/4 levels left

rFire   . . .        (no weapon)
rCold   . . .        (no shield)
rNeg    . . .        a - +0 robe
rPois   .            (no helmet)
rElec   .            (no cloak)
rCorr   .            (no gloves)
SInv    .            (no boots)
Will    .....        (no amulet)
Stlth   ++           (no ring)
HPRegen 0.22/turn    (no ring)
MPRegen 0.08/turn

%: no passive effects
@: mighty
A: no striking features
a: no special abilities


You were on level 1 of the Dungeon.
You visited 1 branch of the dungeon, and saw 1 of its levels.

You collected 27 gold pieces.

Inventory:

Missiles
 f - 3 datura-tipped darts (quivered)
Armour
 a - a +0 robe (worn)
Scrolls
 c - a scroll of fog {unknown}
 e - a scroll of teleportation {unknown}
 g - a scroll of identify {unknown}
Potions
 h - a potion of heal wounds {unknown}


   Skills:
 * Level 0.1 Throwing
 * Level 0.2 Armour
 * Level 1.7 Dodging
 * Level 1.8 Stealth
 * Level 2.0 Spellcasting
 * Level 4.2 Conjurations


You had 3 spell levels left.
You knew the following spells:

 Your Spells              Type           Power      Damage    Failure   Level
a - Magic Dart            Conj           68%        1d6       3%          1

Your spell library contained the following spells:

 Spells                   Type           Power      Damage    Failure   Level
 Searing Ray              Conj           34%        2d5       4%          2
 Dazzling Flash           Conj/Hex       18%        N/A       22%         3
 Fulminant Prism          Conj/Hex       4%         3d5       56%         4
 Iskenderun's Mystic Bla  Conj/Tloc      9%         2d4       56%         4


Dungeon Overview and Level Annotations

Branches:
Dungeon (1/15)

Altars:


Message History

Casting: Magic Dart (safe; 3% risk of failure)
Confirm with . or Enter, or press ? or * to list all spells.
Aiming: Magic Dart (safe; 3% risk of failure)
Press: ? - help, Shift-Dir - straight line, f/p - kobold
Aim: a kobold, wielding a +0 whip (moderately wounded, 100% to hit)
The magic dart hits the quokka but does no damage.
The quokka bites you.
Unknown command.
Casting: Magic Dart (safe; 3% risk of failure)
Confirm with . or Enter, or press ? or * to list all spells.
Aiming: Magic Dart (safe; 3% risk of failure)
Press: ? - help, Shift-Dir - straight line, f/p - kobold
Aim: a kobold, wielding a +0 whip (moderately wounded, 100% to hit)
The magic dart hits the quokka.
The quokka is almost dead.
The quokka misses you.
Unknown command.
Casting: Magic Dart (safe; 3% risk of failure)
Confirm with . or Enter, or press ? or * to list all spells.
Okay, then.
You closely miss the quokka.
The quokka is almost dead.
The quokka completely misses you. The quokka bites you.
You closely miss the quokka.
The quokka is almost dead.
The quokka barely misses you.
You hit the quokka but do no damage.
The quokka is almost dead.
The quokka closely misses you.
You hit the quokka.
You kill the quokka!
It was a potion of might.
You feel very mighty all of a sudden. The kobold closely misses you.
You closely miss the kobold. The kobold hits you with a +0 whip.
* * * LOW HITPOINT WARNING * * *
You hit the kobold.
The kobold is moderately wounded.
The kobold hits you with a +0 whip.
You die...

#. # ###...# ....
.## #..$..#
#.$.#.###.#
#.........# #.#
#+# #K# #.# #@#
#.# #.#
##)############.#
##...##..........#
#.....#.##########
.....##.#
#.......#
###.##### #.#


You could see a kobold.

Vanquished Creatures
  An endoplasm (D:1)
  A kobold (D:1)
  A quokka (D:1)
  A ball python (D:1)
  2 bats (D:1)
6 creatures vanquished.

Notes
Turn   | Place    | Note
-------+----------+-------------------------------------------
     0 | D:1      | ChrisAssaf the Demonspawn Conjurer began the quest for the
                  | Orb.
     0 | D:1      | Reached XP level 1. HP: 13/13 MP: 3/3
   561 | D:1      | Slain by a kobold

Illustrated notes

Levels and vault maps discovered:
D:1:      spicycebolla_arrival_clurvy, layout_loops_corners,
          hellmonk_ecumenical_altar_zigzags, nrook_campfire

Action                     || total
---------------------------++-------
  Melee: Unarmed           ||     6
   Cast: Magic Dart        ||    12
    Use: Potion            ||     2
  Dodge: Dodged            ||     6
